 Dungeon Crawl Stone Soup version 0.24.1-4-ge52af88ad5 (webtiles) character file.

Game seed: 415123396725634293, levelgen mode: deterministic

903 Nalzurin the Purveyor of Pain (level 7, -16/37 HPs)
             Began as a Vampire Necromancer on Apr 21, 2020.
             Was an Initiate of Kikubaaqudgha.
             Demolished by an orc warrior
             ... wielding a cursed +0 battleaxe
              (17 damage)
             ... on level 6 of the Dungeon.
             The game lasted 00:34:42 (6577 turns).

Nalzurin the Purveyor of Pain (Vampire Necromancer) Turns: 6577, Time: 00:34:43

Health: -16/37     AC:  5    Str:  7    XL:     7   Next: 80%
Magic:  2/15       EV: 12    Int: 19    God:    Kikubaaqudgha [......]
Gold:   259        SH:  0    Dex: 15    Spells: 4/16 levels left

rFire    + . .     SeeInvis +   h - +0 short sword
rCold    + + .     Gourm    .   (no shield)
rNeg     + + +     Faith    .   e - +0 leather armour
rPois    ∞         Spirit   .   (no helmet)
rElec    .         Reflect  .   (no cloak)
rCorr    .         Harm     .   r - +0 pair of gloves
MR       .....                  l - +0 pair of boots
Stlth    ++++......             m - amulet of the acrobat
HPRegen  0.00/turn              q - ring of protection from fire
MPRegen  0.14/turn              (no ring)

@: bloodless
A: no food, fangs 3, see invisible, unbreathing
a: Bat Form, Revivify, Renounce Religion


You were on level 6 of the Dungeon.
You worshipped Kikubaaqudgha.
Kikubaaqudgha was noncommittal.
You were bloodless.

You visited 2 branches of the dungeon, and saw 7 of its levels.

You collected 259 gold pieces.

Inventory:

Hand Weapons
 c - a +0 hunting sling
 d - a +0 dagger
 h - a +0 short sword (weapon)
Missiles
 f - 86 arrows
Armour
 a - a +0 robe
 e - a +0 leather armour (worn)
 l - a +0 pair of boots (worn)
 n - a +0 scale mail
 r - a +0 pair of gloves (worn)
 s - a +0 robe
 A - the +3 leather armour of Nyru {rC+, unknown}
   (You found it on level 4 of the Dungeon)

   It protects you from cold.
Jewellery
 m - an amulet of the acrobat (around neck)
 q - a ring of protection from fire (left hand)
 y - an uncursed ring of stealth {unknown}
Scrolls
 b - 2 scrolls of enchant weapon {unknown}
 i - 7 scrolls of identify {unknown}
 j - 3 scrolls of magic mapping {unknown}
 k - 2 scrolls of enchant armour {unknown}
 o - 7 scrolls of remove curse {unknown}
 u - 4 scrolls of amnesia {unknown}
 v - 3 scrolls of fog {unknown}
 w - 2 scrolls of teleportation {unknown}
 z - a scroll of noise {unknown}
Potions
 g - a potion of invisibility {unknown}
 t - 2 potions of curing {unknown}
 x - a potion of degeneration {unknown}
 B - a potion of might {unknown}
 C - a potion of mutation {unknown}
 D - a potion of heal wounds {unknown}
Comestibles
 p - 9 rations


   Skills:
 + Level 0.3 Fighting
 + Level 1.9 Short Blades
 + Level 1.6 Armour
 + Level 2.9 Dodging
 + Level 3.3 Stealth
 + Level 5.4 Spellcasting
 + Level 7.7 Necromancy


You had 4 spell levels left.
You knew the following spells:

 Your Spells              Type           Power        Failure   Level  Hunger
a - Pain                  Necr           ####         1%          1    N/A
b - Animate Skeleton      Necr           N/A          1%          1    N/A
c - Vampiric Draining     Necr           ####......   2%          3    N/A
d - Animate Dead          Necr           N/A          7%          4    N/A
e - Regeneration          Chrm/Necr      ###.......   11%         3    N/A

Your spell library contained the following spells:

 Spells                   Type           Power        Failure   Level  Hunger


Dungeon Overview and Level Annotations

Branches:
Dungeon (5/15)             Temple (1/1) D:4

Altars:
Ashenzari
Dithmenos
Gozag
Hepliaklqana
Kikubaaqudgha
Nemelex Xobeh
Okawaru
Qazlal
Ru
Sif Muna
Trog
Uskayaw
Vehumet
Wu Jian
Yredelemnul
Zin

Annotations:
D:6 2 transporters, execc's ghost, novice OpBe


Innate Abilities, Weirdness & Mutations

You do not eat.
You do not regenerate when monsters are visible.
You are frail without blood (-20% HP).
You can heal yourself when you bite living creatures.
You are immune to poison.
You have razor-sharp teeth.
You have supernaturally acute eyesight. (SInv)
You can survive without breathing.


Message History

Casting: Vampiric Draining (safe; 2% risk of failure)
Confirm with . or Enter, or press ? or * to list all spells.
Okay, then.
The orc hits you but does no damage. Continue your ritual?
The orc priest hits you but does no damage.
The orc misses you. The orc warrior completely misses you.
You begin the revivification ritual.
You continue your ritual.
The orc closely misses you.
The orc priest hits you but does no damage.
You continue your ritual.
The orc closely misses you. The orc misses you.
The orc warrior barely misses you.
The orc priest hits you but does no damage.
You continue your ritual.
The orc closely misses you. The orc hits you with a +0 hand axe.
* * * LOW HITPOINT WARNING * * *
The orc warrior hits you with a cursed +0 battleaxe!
You die...
Kikubaaqudgha rasps: "You have failed me!
Welcome... oblivion!"

########. ######
#........ .....#
#........ .....#
#........
.....############o.......
...>..........oo@oo......
.################oo......
.#O..... ########.
o#WO##.. .#.#..# .#O#..#.
©#$.##.. .#%....©
©#$.##..


You could see an orc warrior, an orc priest and 5 orcs.

Vanquished Creatures
  2 sky beasts
  2 ice beasts (D:4)
  A centaur (D:4)
  An ogre (D:5)
  A hound (D:4)
  An orc priest (D:6)
  2 orc wizards
  2 worker ants
  A hound skeleton (D:5)
  6 adders
  4 gnolls (D:5)
  2 oozes
  An adder skeleton (D:5)
  4 worms
  6 dart slugs
  14 orcs
  3 ball pythons
  6 giant cockroaches
  A hobgoblin (D:3)
  5 jackals
  8 kobolds
  3 quokkas (D:4)
  7 bats
  4 frilled lizards
  6 goblins
  8 rats
101 creatures vanquished.

Vanquished Creatures (collateral kills)
  A leopard gecko (D:1)
  An orc (D:5)
  A giant cockroach (D:1)
3 creatures vanquished.

Grand Total: 104 creatures vanquished

Notes
Turn   | Place    | Note
-------+----------+-------------------------------------------
     0 | D:1      | Nalzurin the Vampire Necromancer began the quest for the
                  | Orb.
     0 | D:1      | Reached XP level 1. HP: 13/13 MP: 3/3
    68 | D:1      | Learned a level 1 spell: Animate Skeleton
   191 | D:1      | Reached XP level 2. HP: 10/19 MP: 0/5
   649 | D:1      | Reached skill level 5 in Necromancy
   861 | D:1      | Reached XP level 3. HP: 22/24 MP: 2/6
  1132 | D:2      | Learned a level 3 spell: Vampiric Draining
  1421 | D:2      | Found a glowing silver altar of Zin.
  1421 | D:2      | Found a radiant altar of Vehumet.
  1689 | D:3      | Reached skill level 1 in Short Blades
  2104 | D:3      | Reached XP level 4. HP: 30/30 MP: 4/8
  3621 | D:4      | Reached XP level 5. HP: 34/35 MP: 6/9
  3641 | D:4      | Reached skill level 6 in Necromancy
  3806 | D:4      | You fall into a shaft and drop 1 floor!
  3806 | D:5      | Entered Level 5 of the Dungeon
  3858 | D:5      | Noticed an ice beast
  4035 | D:4      | Got a tiger eye-encrusted leather armour
  4330 | D:4      | Found a staircase to the Ecumenical Temple.
  4344 | Temple   | Entered the Ecumenical Temple
  4415 | Temple   | Became a worshipper of Kikubaaqudgha
  4897 | D:4      | Killed an ice beast
  4897 | D:4      | Reached XP level 6. HP: 23/41 MP: 0/11
  5029 | D:4      | Learned a level 4 spell: Animate Dead
  5037 | D:4      | Learned a level 3 spell: Regeneration
  5220 | D:5      | Noticed an ice beast
  5323 | D:4      | Killed an ice beast
  5323 | D:4      | Reached skill level 1 in Armour
  5479 | D:5      | Noticed a sky beast
  5483 | D:5      | Reached skill level 7 in Necromancy
  5717 | D:4      | Reached XP level 7. HP: 26/46 MP: 2/13
  6229 | D:5      | Reached skill level 5 in Spellcasting
  6445 | D:5      | You fall into a shaft and drop 1 floor!
  6451 | D:6      | Found a transporter.
  6529 | D:6      | HP: 2/46 [orc warrior/cursed +0 battleaxe (17)]
  6531 | D:6      | Noticed execc's ghost (novice OpBe)
  6534 | D:6      | Identified the +1 dire flail of Rubbish {flame, rF+ Int+5
                  | Stlth-}
  6534 | D:6      | Noticed a two-headed ogre
  6536 | D:6      | Found a transporter.
  6577 | D:6      | HP: 1/37 [orc/+0 hand axe (4)]
  6577 | D:6      | Demolished by an orc warrior

Levels and vault maps discovered:
D:1:      dpeg_arrival_connections, layout_basic
D:2:      layout_basic, gammafunk_temple_overflow_pools, first_ration
D:3:      layout_loops_ring, roderic_cross_of_infinity
D:4:      layout_layer_cave, minmay_temple_entry_statues_pillars
D:5:      minmay_general_purpose_star, layout_loops_ring, serial_aquarium,
          aquarium_bridge_square [aquarium_subvault_bridge,
          aquarium_subvault_wall, aquarium_subvault_wall,
          aquarium_subvault_window], aquarium_window_1, aquarium_window_2,
          aquarium_view_2c, uniq_pikel, uniq_blork_the_orc
D:6:      layout_basic, grunt_temple_overflow_cloverleaf, gammafunk_ghost_smash,
          serial_shops, nicolae_shop_trees, minmay_shop_damaged, st_stairs_9,
          uniq_edmund
Temple:   eino_narrow_crystal_temple

Skill      XL: |  1  2  3  4  5  6  7 |
---------------+----------------------+-----
Necromancy     | 5 6 7 |  7.7
Short Blades   | 1 |  1.9
Spellcasting   | 3 4 5 |  5.4
Armour         | 1 |  1.6
Fighting       | |  0.3
Dodging        | |  2.9
Stealth        | |  3.3

Action                   |  1- 3 |  4- 6 |  7- 9 || total
-------------------------+-------+-------+-------++-------
Melee: Unarmed           |     3 |       |       ||     3
       Dagger            |     1 |       |       ||     1
       Short sword       |    27 |    41 |    17 ||    85
       Bite              |     5 |     3 |     2 ||    10
 Cast: Pain              |    71 |   111 |    20 ||   202
       Animate Skeleton  |    11 |    15 |       ||    26
       Vampiric Draining |     4 |    22 |     6 ||    32
       Animate Dead      |       |     7 |     8 ||    15
 Abil: Exsanguinate      |       |       |     1 ||     1
       Revivify          |       |       |     1 ||     1
Armor: Leather armour    |    21 |    28 |    14 ||    63
Dodge: Dodged            |    70 |   125 |    41 ||   236
